 Dungeon Crawl Stone Soup version 0.27-a0-1118-ga84896973d (webtiles) character file.

Game seed: 5199030161680620098

37 Froggeryz the Ruffian (level 3, 0/30 HPs)
             Began as a Vine Stalker Berserker on May 2, 2021.
             Was a Follower of Trog.
             Succumbed to an adder's poison
             ... on level 2 of the Dungeon.
             The game lasted 00:01:45 (2090 turns).

Froggeryz the Ruffian (Vine Stalker Berserker)      Turns: 2090, Time: 00:01:46

Health: 0/30       AC:  3    Str: 20    XL:     3   Next: 41%
Magic:  1/4        EV: 11    Int:  7    God:    Trog [*.....]
Gold:   38         SH:  0    Dex: 13    Spells: 2/2 levels left

rFire    . . .     SeeInvis .     - Unarmed
rCold    . . .     Faith    .   (no shield)
rNeg     . . .     Spirit   +   c - +0 leather armour
rPois    .         Reflect  .   (no helmet)
rElec    .         Harm     .   (no cloak)
rCorr    .         Rampage  .   (no gloves)
Will     .....                  (no boots)
Stlth    ..........             (no amulet)
HPRegen  0.10/turn              (no ring)
MPRegen  0.09/turn              (no ring)

@: berserking, lethally poisoned (0 -> -14), very quick
A: fangs 2, magic shield, antimagic bite, no potion heal 2
a: Renounce Religion, Berserk


You were on level 2 of the Dungeon.
You worshipped Trog.
Trog was aware of your devotion.
You visited 1 branch of the dungeon, and saw 2 of its levels.

You collected 38 gold pieces.

Inventory:

Armour
 c - a +0 leather armour (worn)
Scrolls
 a - a scroll of enchant armour {unknown}
 f - 3 scrolls of identify
Potions
 b - 2 potions of might
 d - a potion of curing
 e - 2 potions of brilliance {unknown}
 g - a potion of attraction {unknown}


   Skills:
 + Level 3.1 Fighting
 - Level 1.5 Armour
 - Level 1.5 Dodging
 * Level 4.0 Unarmed Combat


You had 2 spell levels left.
You didn't know any spells.
Your spell library was empty.

Dungeon Overview and Level Annotations

Branches:
Dungeon (2/15)

Altars:


Innate Abilities, Weirdness & Mutations

You have extremely sharp teeth.
When hurt, damage is shared between your health and your magic reserves.
Your bite disrupts and absorbs the magic of your enemies.
Potions cannot restore your health.


Message History

Found an escape hatch in the ceiling.
An adder comes into view.
Found 11 gold pieces.
You barely miss the adder. Your bite misses the adder. The adder bites you.
An adder is nearby!
You closely miss the adder. The adder bites you.
You barely miss the adder. The adder barely misses you.
You barely miss the adder. Your bite misses the adder. The adder bites you.
You are poisoned.
The adder poisons you!
You barely miss the adder.
You feel sick. The adder bites you but does no damage.
You hit the adder but do no damage. Your bite misses the adder.
You feel sick. The adder bites you.
You are lethally poisoned!
The adder poisons you! The adder bites you.
You are more poisoned.
The adder poisons you!
You are too injured to fight recklessly!
You are too injured to fight recklessly!
You are too injured to fight recklessly!
Okay, then.
Okay, then.
You miss the adder.
* * * LOW HITPOINT WARNING * * *
You feel very sick. The adder barely misses you.
A red film seems to cover your vision as you go berserk!
You feel yourself moving faster!
You feel mighty!
* * * LOW HITPOINT WARNING * * *
You feel very sick. The adder barely misses you.
You barely miss the adder.
* * * LOW HITPOINT WARNING * * *
You feel sick. The adder bites you.
* * * LOW HITPOINT WARNING * * *
You are more poisoned.
The adder poisons you!
You closely miss the adder.
You die...

#.......##### #
#..#.##...### #####
####... #.....#
#<... #......
##.##.###....
#...... #.##........
#.....# #.##.###....
#....$#
##....#######
#....S# ##...#..#
#....@###...###.##
#.........#.# #..##
###.......#.#
##..#### #.#.......#
##.....#
#.#..).#..###.......
#<.....##..#........
#...................
#......#............
#...................


You could see an adder.

Vanquished Creatures
  An adder (D:1)
  A worm (D:2)
  An endoplasm (D:2)
  3 giant cockroaches
  3 hobgoblins (D:1)
  A quokka (D:1)
  4 ball pythons
  2 bats (D:1)
  A frilled lizard (D:1)
  2 goblins (D:1)
  3 kobolds
  4 rats
26 creatures vanquished.

Notes
Turn   | Place    | Note
-------+----------+-------------------------------------------
     0 | D:1      | Froggeryz the Vine Stalker Berserker began the quest for
                  | the Orb.
     0 | D:1      | Reached XP level 1. HP: 11/11 MP: 2/2
   470 | D:1      | Reached XP level 2. HP: 11/16 MP: 3/3
  1480 | D:1      | Reached XP level 3. HP: 8/20 MP: 2/4
  1879 | D:2      | Reached skill level 4 in Unarmed Combat
  2090 | D:2      | Succumbed to an adder's poison

Illustrated notes

Levels and vault maps discovered:
D:1:      dpeg_arrival_renting, layout_basic
D:2:      layout_rooms, minmay_hexomino_p4

Skill      XL: |  1  2  3 |
---------------+----------+-----
Fighting       | 3 |  3.1
Unarmed Combat | 4 |  4.0
Armour         | |  1.5
Dodging        | |  1.5

Action                   || total
-------------------------++-------
Melee: Unarmed           ||    88
       Bite              ||    24
Invok: Berserk           ||     3
  Use: Scroll            ||     5
 Stab: Sleeping          ||     1
Armor: Animal skin       ||     3
       Leather armour    ||     8
Dodge: Dodged            ||    55

Table legend: (Time is in decaauts)
 A = Elapsed time spent in this place.
 B = Non-inter-level travel time spent in this place.
 C = Inter-level travel time spent in this place.
 D = Time resting spent in this place.
 E = Time spent auto-exploring this place.
 F = Levels seen in this place.
 G = Mean time per level.
                   A        B        C        D        E       F      G
               +--------+--------+--------+--------+--------+-----+--------+
         Total |   2104 |   2028 |     76 |    687 |   1128 |   2 | 1052.0 |
       Dungeon |   2104 |   2028 |     76 |    687 |   1128 |   2 | 1052.0 |
               +--------+--------+--------+--------+--------+-----+--------+

Top non-repeatable levels by time:
     D:1: 1696 daAuts
     D:2: 408 daAuts
